 Dungeon Crawl Stone Soup version 0.31-a0-1447-g87ca8d402b (webtiles) character file.

Game seed: 5798625701531261380

10 Atlas the Chiller (level 2, 0/19 HPs)
             Began as a Mummy Ice Elementalist on Dec 27, 2023.
             Constricted to death by a ball python (1 damage)
             ... on level 2 of the Dungeon.
             The game lasted 00:00:38 (887 turns).

Atlas the Chiller (Mummy Ice Elementalist)           Turns: 887, Time: 00:00:38

Health: 0/19       AC:  3    Str: 11    XL:     2   Next: 10%
Magic:  6/6        EV:  8    Int: 14    God:
Gold:   37         SH:  0    Dex: 12    Spells: 6/7 levels left

rFire   x . .        (no weapon)
rCold   + . .        (no shield)
rNeg    + + +        f - +0 leather armour
rPois   ∞            (no helmet)
rElec   .            (no cloak)
rCorr   .            (no gloves)
SInv    .            (no boots)
Will    .....        (no amulet)
Stlth   +            (no ring)
HPRegen 0.23/turn    (no ring)
MPRegen 0.10/turn

%: faith
@: constricted
A: cold resistance 1, negative energy resistance 3, torment resistance 2, heat
vulnerability 1, in touch with death 1, no potions, faith
a: no special abilities


You were on level 2 of the Dungeon.
You visited 1 branch of the dungeon, and saw 2 of its levels.

You collected 37 gold pieces.

Inventory:

Armour
 f - a +0 leather armour (worn)
Scrolls
 a - a scroll of amnesia {unknown}
 b - 2 scrolls of identify {unknown}
 c - a scroll of vulnerability {unknown}
 d - a scroll of immolation {unknown}
 e - a scroll of enchant armour {unknown}


   Skills:
 + Level 1.6 Dodging
 + Level 1.5 Stealth
 + Level 3.0 Spellcasting
 + Level 3.5 Ice Magic


You had 6 spell levels left.
You knew the following spells:

 Your Spells              Type           Power      Damage    Failure   Level
a - Freeze                Ice            48%        1d6       7%          1

Your spell library contained the following spells:

 Spells                   Type           Power      Damage    Failure   Level
 Frozen Ramparts          Ice            24%        1d4       21%         3
 Ozocubu's Armour         Ice            12%        N/A       21%         3
 Summon Ice Beast         Ice/Summ       7%         N/A       38%         3


Dungeon Overview and Level Annotations

Branches:
Dungeon (2/15)

Altars:


Innate Abilities, Weirdness & Mutations

You are immune to poison.
Your flesh is cold resistant. (rC+)
You are immune to negative energy. (rN+++)
You are immune to unholy pain and torment.
You are vulnerable to heat. (rF-)
You are in touch with the powers of death.
You do not drink.
You have a special connection with the divine. (Faith)


Message History

The ball python grabs you. The ball python constricts you.
The frilled lizard closely misses you. The ball python closely misses you.
The ball python constricts you.
The ball python bites you but does no damage.
The ball python constricts you. The frilled lizard bites you.
The ball python completely misses you. The ball python constricts you.
The frilled lizard bites you but does no damage.
The ball python barely misses you. The ball python constricts you.
The frilled lizard bites you. The ball python barely misses you.
The ball python constricts you.
The frilled lizard bites you but does no damage.
The ball python closely misses you. The ball python constricts you.
The frilled lizard bites you. The ball python bites you.
The ball python constricts you. The ball python barely misses you.
The ball python constricts you.
The frilled lizard bites you but does no damage.
The ball python bites you.
* * * LOW HITPOINT WARNING * * *
The ball python constricts you.
* * * LOW HITPOINT WARNING * * *
The frilled lizard misses you.
The ball python bites you but does no damage.
The ball python constricts you. The frilled lizard barely misses you.
The ball python barely misses you. The ball python constricts you.
The frilled lizard barely misses you.
The ball python bites you but does no damage.
The ball python constricts you.
* * * LOW HITPOINT WARNING * * *
The frilled lizard barely misses you. The ball python closely misses you.
The ball python constricts you. The ball python barely misses you.
The ball python constricts you.
* * * LOW HITPOINT WARNING * * *
The frilled lizard barely misses you. The ball python bites you.
* * * LOW HITPOINT WARNING * * *
The ball python constricts you. The frilled lizard barely misses you.
The ball python bites you but does no damage.
The ball python constricts you.
You die...

.# ## .# . ..
.# .. #. .#
$.$ #.##.##..
#.#....
.#####.#..###
......S#l...#
......[@#.###
..........#
.######.###
#.# #.# #.#
#.# #.#


You could see a ball python and a frilled lizard.

Vanquished Creatures
  A giant cockroach (D:1)
  3 goblins (D:1)
  A hobgoblin (D:1)
  2 ball pythons (D:1)
  A bat (D:1)
  2 rats (D:1)
10 creatures vanquished.

Notes
Turn   | Place    | Note
-------+----------+-------------------------------------------
     0 | D:1      | Atlas the Mummy Ice Elementalist began the quest for the
                  | Orb.
     0 | D:1      | Reached XP level 1. HP: 13/13 MP: 4/4
   547 | D:1      | Reached XP level 2. HP: 18/19 MP: 2/5
   887 | D:2      | Constricted to death by a ball python

Illustrated notes

Levels and vault maps discovered:
D:1:      dpeg_arrival_line_fractal, layout_loops_cross
D:2:      layout_basic, nicolae_concentric_dashed_squares_mild, uniq_jessica,
          uniq_robin

Skill      XL: |  1  2 |
---------------+-------+-----
Spellcasting   | 3 |  3.0
Dodging        | |  1.6
Stealth        | |  1.5
Ice Magic      | |  3.5

Action                     || total
---------------------------++-------
  Melee: Unarmed           ||     3
   Cast: Freeze            ||    15
   Stab: Sleeping          ||     1
 Armour: Leather armour    ||    19
         Robe              ||     2
  Dodge: Dodged            ||    34

Table legend: (Time is in decaauts)
 A = Elapsed time spent in this place.
 B = Non-inter-level travel time spent in this place.
 C = Inter-level travel time spent in this place.
 D = Time resting spent in this place.
 E = Time spent auto-exploring this place.
 F = Levels seen in this place.
 G = Mean time per level.
                   A        B        C        D        E       F      G
               +--------+--------+--------+--------+--------+-----+--------+
         Total |    886 |    838 |     48 |      0 |    727 |   2 |  443.0 |
       Dungeon |    886 |    838 |     48 |      0 |    727 |   2 |  443.0 |
               +--------+--------+--------+--------+--------+-----+--------+

Top non-repeatable levels by time:
     D:1: 866 daAuts
     D:2: 20 daAuts
